 Dungeon Crawl Stone Soup version 0.31-a0-1611-g890cdf5 (webtiles) character file.

Game seed: 16228325581919611528

4190 PidgeyThePirate the Grappler (level 10, -12/73 HPs)
             Began as a Demonspawn Chaos Knight on Jan 8, 2024.
             Was a Plaything of Xom.
             Mangled by a freezing wraith (20 damage)
             ... on level 7 of the Dungeon.
             The game lasted 00:15:58 (6634 turns).

PidgeyThePirate the Grappler (DsCK)                 Turns: 6634, Time: 00:15:59

Health: -12/73     AC:  8    Str: 17    XL:     10   Next: 8%
Magic:  10/10      EV: 13    Int: 12    God:    Xom [.*....]
Gold:   445        SH:  4    Dex: 13    Spells: 9/9 levels left

rFire   . .          .
                       - Unarmed
rCold   . . .        (no shield)
rNeg    . . .        a - +2 leather armour
rPois   .            (no helmet)
rElec   .            (no cloak)
rCorr   .            (gloves unavailable)
SInv    .            h - +2 pair of boots
Will    .....        (no amulet)
Stlth   ++           (no ring)
HPRegen 0.32/turn    (no ring)
MPRegen 0.12/turn

%: no passive effects
@: slowed, very slow
A: spiny 2, condensation shield, demonic touch 3, wild magic 1, no potion heal 1
a: Renounce Religion


You were on level 7 of the Dungeon.
You worshipped Xom.
You were a plaything of Xom.
You visited 1 branch of the dungeon, and saw 8 of its levels.

You collected 445 gold pieces.

Inventory:

Armour
 a - a +2 leather armour (worn)
 h - a +2 pair of boots (worn)
Jewellery
 f - an amulet of magic regeneration
 p - a ring of protection from fire
 u - a +6 ring of intelligence
Talismans
 y - a talisman of death
Wands
 n - a wand of iceblast (4)
 q - a wand of paralysis (5)
 r - a wand of digging (3)
 s - a wand of polymorph (14)
 v - a wand of acid (8)
Scrolls
 c - 3 scrolls of blinking
 e - a scroll of fear {unknown}
 g - a scroll of vulnerability {unknown}
 i - 3 scrolls of amnesia
 j - 2 scrolls of enchant weapon
 k - 4 scrolls of identify
 o - 2 scrolls of teleportation
 t - a scroll of immolation {unknown}
 w - a scroll of poison
 x - a scroll of brand weapon {unknown}
 z - a scroll of enchant armour {unknown}
Potions
 m - a potion of attraction


   Skills:
 + Level 4.7 Fighting
 + Level 5.2 Armour
 + Level 4.0 Dodging
 + Level 3.3 Stealth
 + Level 2.6 Shields
 * Level 10.7 Unarmed Combat


You had 9 spell levels left.
You didn't know any spells.
Your spell library contained the following spells:

 Spells                   Type           Power      Damage    Failure   Level
 Apportation              Tloc           0%         N/A       45%         1
 Jinxbite                 Hex            0%         N/A       61%         2
 Lesser Beckoning         Tloc           0%         N/A       61%         2
 Gell's Gravitas          Tloc           0%         N/A       82%         3
 Teleport Other           Tloc           0%         N/A       82%         3
 Vhi's Electric Charge    Tloc/Air       0%         N/A       99%         4
 Alistair's Intoxication  Alch           0%         N/A       100%        5
 Arcjolt                  Conj/Air       0%         1d10      100%        5
 Plasma Beam              Fire/Air       0%         2x1d10    100%        6


Dungeon Overview and Level Annotations

Branches:
Dungeon (8/15)             Temple (0/1) D:5
   Lair: D:8-11

Altars:
Gozag
Nemelex Xobeh
Trog

Shops:
D:4 =


Innate Abilities, Weirdness & Mutations

You are mostly covered in sharp spines.
A meltable shield of frost defends you. (SH +4)
Your touch may irresistibly damage your foes and sap their willpower.
Your spells are a little harder to cast, but a little more powerful.
Potions are less effective at restoring your health.


Message History

You kill the white imp!
You feel yourself speed up.
You now have 445 gold pieces (gained 8).
You see here the +8 frozen axe "Frostbite" {freeze, freezing cloud, *Noise Fly rC+}.
You enter the shallow water.
Moving in this stuff is going to be slow.
Found a dagger.
A freezing wraith comes into view.
Xom makes a sudden noise!
You hear a roar!
Something shouts, "Away with thee, thou weedy nose-picking reprobate!"
You enter the shallow water.
Moving in this stuff is going to be slow.
You see here the +8 frozen axe "Frostbite" {freeze, freezing cloud, *Noise Fly rC+}.
The freezing wraith hits you! The freezing wraith freezes you!
The freezing wraith hits you! The freezing wraith drains your vigour!
You feel yourself slow down.
You hit the freezing wraith.
You touch the freezing wraith.
You sap its willpower!
The freezing wraith is lightly damaged.
You block the freezing wraith's attack.
The freezing wraith completely misses you.
You punch the freezing wraith!
You touch the freezing wraith!
You sap its willpower!
The freezing wraith is severely damaged.
The freezing wraith closely misses you. The freezing wraith hits you. x2
The freezing wraith freezes you!!
* * * LOW HITPOINT WARNING * * *
The freezing wraith hits you but does no damage.
Your system partially rejects the healing.
You feel better. You block the freezing wraith's attack.
The freezing wraith hits you!
* * * LOW HITPOINT WARNING * * *
The freezing wraith drains your vigour!
You feel as though you will be slow longer.
Your system partially rejects the healing.
You feel better. The freezing wraith hits you.
* * * LOW HITPOINT WARNING * * *
The freezing wraith freezes you!!
You die...
Xom howls with laughter!

..)...###.#.#..#... )#
).#..:..#.#.####..# ..#
)###......#.# ##..###..## ####
.####÷.####.# #.........# #....
...##..####.###.........####..'#
._...........##..#~~#...#.....#
...###.......#...~##~...'.....#
#.## #.......#...W##~#..'.....#
...###.......#..@#)##~..'.....#.#
...#........#....~##~..'.....#.#
.............##...#~~#..#.....#.#
.# #.........#.........#.....#.+
... #......)..#.........#.)...#..
##.##.........##..###..##.....'##
∆..............#..###..#.........
..##..........#...#...#)........
#..........#.......#.........


You could see a freezing wraith (weak-willed).

Vanquished Creatures
  Pikel (D:6)
  An ice devil (D:7)
  2 freezing wraiths (D:7)
  A hornet (D:7)
  A wyvern (D:8)
  A golden eye (D:2)
  A chaos spawn (D:7)
  2 water moccasins
  2 sky beasts
  3 black bears
  An ice beast (D:5)
  An ogre (D:6)
  A lemure (D:6)
  A kobold brigand (D:6)
  A phantom (D:5)
  2 scorpions
  2 bullfrogs
  A gnoll sergeant (D:4)
  The ghost of dilly the Trooper, a weakling OnDe (D:4)
  3 wights (D:6)
  2 bombardier beetles
  A gnoll bouda (D:6)
  3 hounds
  4 orc priests
  Jessica (D:3)
  4 iguanas
  2 orc wizards
  Terence (D:2)
  A scorpion zombie (D:8)
  Natasha (thrice) (D:3)
  Ijyb (D:4)
  Robin (D:2)
  9 gnolls
  7 adders
  9 white imps (D:7)
  9 dart slugs (D:3)
  A ribbon worm (D:3)
  12 orcs
  3 bats
  4 endoplasms
  6 giant cockroaches
  10 goblins
  10 hobgoblins
  2 jackals (D:5)
  11 kobolds
  3 quokkas
  3 ball pythons
  4 frilled lizards
  11 rats
167 creatures vanquished.

Vanquished Creatures (others)
  A quokka (D:3)
1 creature vanquished.

Grand Total: 168 creatures vanquished

Notes
Turn   | Place    | Note
-------+----------+-------------------------------------------
     0 | D:1      | PidgeyThePirate the Demonspawn Chaos Knight began the quest
                  | for the Orb.
     0 | D:1      | Reached XP level 1. HP: 18/18 MP: 1/1
   250 | D:1      | XOM: divination: magic mapping
   476 | D:1      | Gained mutation: You are partially covered in sharp spines.
                  | [demonic ancestry]
   476 | D:1      | Reached XP level 2. HP: 24/24 MP: 2/2
   546 | D:1      | XOM: cast spell 'Summon Small Mammal'
   716 | D:1      | Reached skill level 3 in Unarmed Combat
   832 | D:2      | Reached skill level 1 in Dodging
   832 | D:2      | XOM: fog
   850 | D:2      | Noticed Sigmund
   852 | D:2      | XOM: summons 2 friendly demons
   910 | D:2      | XOM: blink monster(s)
   915 | D:2      | Sigmund changed into Sigmund the golden eye
   915 | D:2      | Noticed Sigmund
   915 | D:2      | XOM: polymorph Sigmund -> Sigmund the golden eye
   919 | D:2      | Killed Sigmund the golden eye
   920 | D:2      | Reached skill level 4 in Unarmed Combat
   920 | D:2      | Gained mutation: A meltable shield of frost defends you.
                  | (SH +4) [demonic ancestry]
   920 | D:2      | Reached XP level 3. HP: 24/30 MP: 3/3
   920 | D:2      | Gained mutation: Your touch may inflict minor irresistible
                  | damage on your foes. [demonic ancestry]
   920 | D:2      | Reached XP level 4. HP: 30/37 MP: 4/4
   920 | D:2      | Gained mutation: You are mostly covered in sharp spines.
                  | [demonic ancestry]
   920 | D:2      | Reached XP level 5. HP: 34/42 MP: 5/5
   965 | D:2      | Noticed Robin
   969 | D:2      | XOM: chaos upgrade
   970 | D:2      | Noticed Terence
   975 | D:2      | Killed Robin
   986 | D:2      | Killed Terence
  1336 | D:2      | XOM: summons 3 hostile demons
  1469 | D:3      | XOM: enchant monster (bad)
  1596 | D:3      | Noticed Natasha
  1596 | D:3      | XOM: 2-stop teleportation journey
  1602 | D:3      | Killed Natasha
  1671 | D:3      | Noticed Jessica
  1676 | D:3      | Killed Jessica
  1677 | D:3      | Reached XP level 6. HP: 38/48 MP: 6/6
  1833 | D:3      | Noticed Natasha
  1840 | D:3      | Killed Natasha
  1936 | D:3      | Noticed Natasha
  1941 | D:3      | Killed Natasha
  2101 | D:3      | Noticed a sky beast
  2101 | D:3      | XOM: polymorph something unseen -> sky beast
  2106 | D:3      | Reached skill level 5 in Unarmed Combat
  2107 | D:3      | Killed a sky beast
  2108 | D:3      | Reached skill level 1 in Shields
  2237 | D:3      | XOM: silly message
  2242 | D:3      | Found an opulent altar of Gozag.
  2242 | D:3      | Found a sparkling altar of Nemelex Xobeh.
  2285 | D:3      | XOM: stat loss: -1 Int (11/12)
  2531 | D:4      | XOM: give mutations
  2531 | D:4      | Gained mutation: You expend magic power (3 MP) to
                  | strengthen your wands. [Xom's mischief]
  2531 | D:4      | Gained mutation: Potions are less effective at restoring
                  | your health. [Xom's mischief]
  2531 | D:4      | Lost mutation: You expend magic power (3 MP) to strengthen
                  | your wands. [Xom's mischief]
  2531 | D:4      | Gained mutation: Your spells are a little harder to cast,
                  | but a little more powerful. [Xom's mischief]
  2573 | D:4      | Found a runed translucent door.
  2574 | D:4      | Noticed dilly's ghost (weakling OnDe)
  2673 | D:4      | Found Usaulaod's Jewellery Boutique.
  2726 | D:4      | Gained mutation: Your touch may inflict irresistible damage
                  | on your foes. [demonic ancestry]
  2726 | D:4      | Reached XP level 7. HP: 38/54 MP: 7/7
  2851 | D:4      | XOM: cleaving
  3249 | D:4      | Noticed Ijyb
  3257 | D:4      | Killed Ijyb
  3542 | D:4      | Reached skill level 6 in Unarmed Combat
  3579 | D:4      | XOM: stat loss: -1 Int (11/12)
  3640 | D:4      | Killed dilly's ghost
  3727 | D:4      | XOM: scenery: 2 doors close
  3747 | D:4      | XOM: 4-stop teleportation journey
  3783 | D:5      | Entered Level 5 of the Dungeon
  3789 | D:5      | XOM: god gift: hand axe {god gift}
  3793 | D:5      | Reached skill level 1 in Stealth
  3800 | D:5      | Reached XP level 8. HP: 61/61 MP: 8/8
  3958 | D:5      | XOM: repel stairs
  4004 | D:5      | XOM is BORED!
  4033 | D:5      | Reached skill level 7 in Unarmed Combat
  4080 | D:5      | XOM: 4-stop teleportation journey
  4093 | D:5      | Found a staircase to the Ecumenical Temple.
  4508 | D:6      | XOM: smoke on damage
  4513 | D:6      | Noticed Pikel
  4524 | D:6      | Killed Pikel
  4525 | D:6      | Reached skill level 8 in Unarmed Combat
  4722 | D:6      | Reached XP level 9. HP: 55/66 MP: 9/9
  4916 | D:6      | XOM: cloud trail
  5470 | D:7      | XOM: noise
  5477 | D:7      | Reached skill level 5 in Armour
  5503 | D:7      | Found a bloodstained altar of Trog.
  5519 | D:7      | Reached skill level 9 in Unarmed Combat
  5544 | D:7      | XOM: silly message
  5600 | D:7      | XOM: silly message
  5637 | D:7      | Identified the +4 mace of Hyotevaith {holy, Will+++}
  5658 | D:7      | XOM: confuse monster(s)
  5695 | D:7      | XOM: god gift: 2 stones
  5803 | D:7      | XOM: noise
  5837 | D:7      | XOM: butterfly on damage
  6002 | D:7      | Noticed an ice devil
  6038 | D:8      | Reached skill level 10 in Unarmed Combat
  6144 | D:8      | XOM: cast spell 'Olgreb's Toxic Radiance'
  6166 | D:7      | Killed an ice devil
  6169 | D:7      | Noticed an ice devil
  6359 | D:7      | an ice devil changed into a chaos spawn
  6359 | D:7      | XOM: polymorph ice devil -> chaos spawn
  6448 | D:7      | Noticed a freezing wraith
  6468 | D:7      | Killed a freezing wraith
  6469 | D:7      | Gained mutation: Your touch may irresistibly damage your
                  | foes and sap their willpower. [demonic ancestry]
  6469 | D:7      | Reached XP level 10. HP: 38/73 MP: 10/10
  6595 | D:7      | XOM: divination: detect items
  6596 | D:7      | XOM: confuse monster(s)
  6605 | D:7      | Found the +8 frozen axe "Frostbite" {freeze, freezing
                  | cloud, *Noise Fly rC+}
  6625 | D:7      | XOM: noise
  6634 | D:7      | Mangled by a freezing wraith

Illustrated notes

Levels and vault maps discovered:
D:1:      saegor_arrival_simple_e, layout_loops_corners
D:2:      layout_rooms, uniq_sigmund, uniq_robin, uniq_terence
D:3:      kennysheep_slugbush, layout_basic, grunt_temple_overflow_opulence,
          elyvilon_altar_4, uniq_natasha, uniq_jessica
D:4:      layout_gridville, serial_shops,
          nicolae_shop_temple_entry_statues_fountains,
          ebering_ghost_reflecting_pool, supply_closet_lemuel, uniq_ijyb
D:5:      layout_cave_pools, minmay_temple_entry_sparse_star
D:6:      layout_loops_ring, minivault_19, uniq_pikel
D:7:      layout_basic, trog_three_pillars_becter, serial_park_tiny_2,
          minivault_11, hellmonk_guarded_unrand_frostbite,
          uniq_crazy_yiuf_cottage
D:8:      bobbens_index_wilting_gardens, layout_cave_pods,
          gammafunk_temple_of_torment, uniq_prince_ribbit1

Skill      XL: |  1  2  3  4  5  6  7  8  9 |
---------------+----------------------------+-----
Armour         | 2 3 4 5 |  5.2
Unarmed Combat | 4 5 6 8 10 | 10.7
Dodging        | 1 2 3 4 |  4.0
Fighting       | 4 |  4.7
Shields        | 1 2 |  2.6
Stealth        | 1 2 3 |  3.3

Action                     |  1- 3 |  4- 6 |  7- 9 | 10-12 || total
---------------------------+-------+-------+-------+-------++-------
  Melee: Unarmed           |    55 |   106 |   202 |    11 ||   374
         Touch             |       |    19 |    46 |     5 ||    70
         Punch             |       |     5 |    11 |       ||    16
  Evoke: Wand              |       |       |     1 |       ||     1
    Use: Potion            |       |     1 |     7 |     2 ||    10
         Scroll            |       |       |     6 |       ||     6
   Stab: Sleeping          |       |       |     4 |       ||     4
         Invisible         |       |       |     1 |       ||     1
         Confused          |       |       |       |     1 ||     1
 Armour: Leather armour    |    22 |    87 |   109 |    11 ||   229
  Dodge: Dodged            |    33 |    73 |   101 |     8 ||   215
  Block: Other             |       |    22 |    22 |     3 ||    47

Table legend: (Time is in decaauts)
 A = Elapsed time spent in this place.
 B = Non-inter-level travel time spent in this place.
 C = Inter-level travel time spent in this place.
 D = Time resting spent in this place.
 E = Time spent auto-exploring this place.
 F = Levels seen in this place.
 G = Mean time per level.
                   A        B        C        D        E       F      G
               +--------+--------+--------+--------+--------+-----+--------+
         Total |   6625 |   6427 |    198 |      0 |   5078 |   8 |  828.1 |
       Dungeon |   6625 |   6427 |    198 |      0 |   5078 |   8 |  828.1 |
               +--------+--------+--------+--------+--------+-----+--------+

Top non-repeatable levels by time:
     D:4: 1264 daAuts
     D:6: 1047 daAuts
     D:3: 994 daAuts
     D:1: 873 daAuts
     D:7: 710 daAuts
     D:2: 656 daAuts
     D:5: 625 daAuts
     D:8: 453 daAuts
